 Dungeon Crawl Stone Soup version 0.27-a0-1046-g98bf31544f (webtiles) character file.

Game seed: 890220934546215392

333469 porpoise the Warrior (level 21, -1/157 HPs)
             Began as a Djinni Venom Mage on Apr 19, 2021.
             Was the Champion of Makhleb.
             Killed from afar by a crystal guardian (9 damage)
             ... with a crystal bolt
             ... led by a peacekeeper
             ... on level 1 of the Vaults on Apr 20, 2021.
             The game lasted 06:32:40 (58348 turns).

porpoise the Warrior (Djinni Venom Mage)           Turns: 58348, Time: 06:32:41

Health: -1/157     AC: 14    Str:  7    XL:     21   Next: 82%
Gold:   422        EV: 23    Int: 25    God:    Makhleb [******] SH: 17 Dex: 15

rFire    + + +     SeeInvis .   b - +9 hunting sling of Vaygot {freeze, +Blink Will+++ rCorr Str-4}
rCold    + + .     Faith    .   u - +4 kite shield {reflect}
rNeg     + . .     Spirit   .   c - +4 troll leather armour
rPois    ∞         Reflect  +   G - +0 helmet {Int+3}
rElec    +         Harm     .   g - +0 cloak {Will+}
rCorr    +         Rampage  .   o - +0 pair of gloves of the Garden {Slay+6}
Will     +++++     Clarity  +   (boots unavailable)
Stlth    +++++.....             x - amulet of the Four Winds {rN+ Will+++ Clar}
HPRegen  1.36/turn              l - ring "Issosica" {rElec rC++ EV+4}
MPRegen  0.00/turn              v - ring "Laegamor" {rF+ rC+}

@: about to teleport, flying
A: fire resistance 2, cold vulnerability 1, float, innate caster, hp casting,
extra vitality 1
}: 2/15 runes: serpentine, barnacled
a: Renounce Religion, Evoke Blink, Minor Destruction, Lesser Servant of Makhleb,
Major Destruction, Greater Servant of Makhleb


You were on level 1 of the Vaults.
You worshipped Makhleb.
Makhleb was exalted by your worship.
You visited 8 branches of the dungeon, and saw 37 of its levels.
You also visited: Gauntlet and Ice Cave.

You collected 3233 gold pieces.
You spent 2811 gold pieces at shops.

Inventory:

Hand Weapons
 b - the +9 hunting sling of Vaygot (weapon) {freeze, +Blink Will+++ rCorr Str-4}
   (You took it off a merfolk on level 1 of the Shoals)

   It causes projectiles fired from it to freeze those they strike, causing
   extra injury to most foes and up to half again as much damage against
   particularly susceptible opponents.
   They can also slow down cold-blooded creatures.
   It affects your strength (-4).
   It lets you blink.
   It protects you from acid and corrosion.
   It greatly increases your willpower.
 w - the +5 rapier of Wick {speed, rC+}
   (You bought it in a shop on level 3 of the Dungeon)

   Attacks with this weapon are significantly faster.
   It protects you from cold.
Missiles
 m - 798 stones
 s - 193 sling bullets (quivered ammo)
Armour
 c - a +4 troll leather armour (worn)
 g - a +0 cloak of willpower (worn)
 o - the +0 pair of gloves of the Garden (worn) {Slay+6}
   (You found it in a Gauntlet)

   It affects your accuracy and damage with ranged weapons and melee attacks
   (+6).
 u - a +4 kite shield of reflection (worn)
 G - a +0 helmet of intelligence (worn)
Magical Staves
 a - a staff of earth
 q - a staff of poison
Jewellery
 d - a ring of see invisible
 l - the ring "Issosica" (left hand) {rElec rC++ EV+4}
   (You bought it in a shop on level 2 of the Orcish Mines)

   [ring of evasion]

   It affects your evasion (+4).
   It greatly protects you from cold.
   It insulates you from electricity.
 v - the ring "Laegamor" (right hand) {rF+ rC+}
   (You found it on level 6 of the Lair of Beasts)

   [ring of protection from cold]

   It protects you from fire.
   It protects you from cold.
 x - the amulet of the Four Winds (around neck) {rN+ Will+++ Clar}
   (You bought it in a shop on level 2 of the Orcish Mines)

   [amulet of nothing]

   It protects you from negative energy.
   It protects you against confusion.
   It greatly increases your willpower.
 R - a ring of resist corrosion
Wands
 h - a wand of iceblast (57)
 J - a wand of charming (46)
 L - a wand of acid (12)
 Q - a wand of digging (6)
 T - a wand of paralysis (51)
 U - a wand of flame (91)
 X - a wand of mindburst (8)
Scrolls
 e - 15 scrolls of teleportation
 i - 9 scrolls of identify
 k - 2 scrolls of vulnerability
 n - a scroll of magic mapping
 r - 5 scrolls of fog
 y - a scroll of silence
 M - a scroll of summoning
 P - 6 scrolls of fear
 S - 4 scrolls of blinking
Potions
 f - a potion of brilliance
 p - 7 potions of haste
 t - 3 potions of invisibility
 z - 12 potions of curing
 B - 5 potions of heal wounds
 D - 6 potions of lignification
 H - 5 potions of cancellation
 I - 3 potions of ambrosia
 Z - 2 potions of resistance
Miscellaneous
 V - a phantom mirror


   Skills:
 - Level 16.2 Fighting
 - Level 3.0(4.0) Short Blades
 - Level 4.0(4.4) Long Blades
 + Level 11.6 Armour
 - Level 16.0 Dodging
 - Level 12.0 Stealth
 - Level 15.0 Shields
 - Level 16.0 Spellcasting
 - Level 12.0 Invocations
 - Level 12.0 Evocations


You couldn't memorise any spells.
You knew the following spells:

 Your Spells              Type           Power      Damage    Failure   Level
a - Sting                 Tmut/Pois      100%       1d8       0%          1
b - Borgnjor's Vile Clut  Necr/Erth      39%        N/A       1%          5
c - Bolt of Magma         Conj/Fire/Erth 39%        4d17      1%          5
d - Dragon Form           Tmut           39%        N/A       4%          7
e - Wereblood             Tmut           79%        N/A       0%          2
f - Inner Flame           Hex/Fire       79%        N/A       0%          3
i - Ignite Poison         Fire/Tmut/Pois 79%        N/A       0%          3
m - Mephitic Cloud        Conj/Pois/Air  79%        N/A       0%          3
o - Olgreb's Toxic Radia  Pois           79%        N/A       1%          4
p - Passage of Golubria   Tloc           N/A        N/A       1%          4
r - Discord               Hex            39%        N/A       32%         8
s - Sandblast             Erth           100%       2d20      0%          1
v - Poisonous Vapours     Pois/Air       100%       N/A       0%          2
w - Shadow Creatures      Summ           N/A        N/A       1%          6
z - Ozocubu's Refrigerat  Ice            39%        4d12      4%          7
Your spell library was empty.

Dungeon Overview and Level Annotations

Branches:
Dungeon (15/15)            Temple (1/1) D:6            Lair (6/6) D:9
 Shoals (4/4) Lair:2        Snake (4/4) Lair:2        Slime (0/5) Lair:5
    Orc (2/2) D:11            Elf (3/3) Orc:2        Vaults (2/5) D:13
 Depths (0/5) D:15          IceCv (visited)         Gauntlet (visited)
  Crypt: Vaults:2-3

Altars:
Ashenzari
Cheibriados
Dithmenos
Elyvilon
Fedhas
Gozag
Hepliaklqana
Kikubaaqudgha
Makhleb
Nemelex Xobeh
Okawaru
Qazlal
Ru
Sif Muna
Trog
Uskayaw
Vehumet
Xom
Yredelemnul
Zin
The Shining One
Beogh

Shops:
D:1 *   D:3 (   D:5 !   D:6 [   Orc:2 :(?=   Elf:2 *   Elf:3 :   Snake:4 !
Vaults:1 =

Annotations:
Snake:3 2 transporters - Manual Throwing, Rennog's ghost, adept DDGl


Innate Abilities, Weirdness & Mutations

You are immune to poison.
Your flesh is very heat resistant. (rF++)
You are vulnerable to cold. (rC-)
You float through the air rather than walking.
You learn spells naturally, not from books.
Your magical power is your life essence.
You have superior vitality. (+4 HP)


Message History

The peacekeeper partially resists.
You destroy the peacekeeper!
Makhleb accepts your kill.
The bolt of magma hits the war gargoyle!
The war gargoyle partially resists.
The war gargoyle is moderately damaged.
The zombie hands constrict the war gargoyle.
The zombie hands constrict the crystal guardian.
The war gargoyle escapes!
The crystal guardian struggles to escape constriction.
Casting: Bolt of Magma (safe; 1% risk of failure)
Confirm with . or Enter, or press ? or * to list all spells.
Aiming: Bolt of Magma (safe; 1% risk of failure)
Press: ? - help, Shift-Dir - straight line, f/p - war gargoyle
Aim: a war gargoyle, wielding a +0 flail (moderately damaged, strong, 94% to hit)
The bolt of magma hits the crystal guardian!
The crystal guardian partially resists.
The crystal guardian is severely damaged.
The bolt of magma hits the war gargoyle!
The war gargoyle partially resists.
The war gargoyle is heavily damaged.
The zombie hands constrict the crystal guardian.
The crystal guardian struggles to escape constriction.
The zombie hands constrict the crystal guardian!
The war gargoyle hits you with a +0 morningstar!!!
The crystal guardian escapes!
As you read the scroll of teleportation, it crumbles to dust.
You feel strangely unstable.
The war gargoyle hits you with a +0 flail!!!
* * * LOW HITPOINT WARNING * * *
You feel much better.
The war gargoyle launches metal splinters at you.
The spray of metal splinters misses you.
The war gargoyle launches metal splinters at you.
The spray of metal splinters misses you.
The war gargoyle hits you with a +0 morningstar!!
* * * LOW HITPOINT WARNING * * *
The crystal guardian fires a crystalline bolt at you.
The crystal bolt freezes you! You resist.
You die...

.#.#.#.#.#.#.....#..#.......#
############....)#..#.......#
################+#..#.......#
..........))........#########
..........).................
.........))..........(......
............................
########'#######+###########
# #.....##...9@# #
#..#......#89# #
#..#......#..######## #
#..##....##..#......#
#..########..#......# #
#..########..#......# #
#..##....##^.'§.....# #
#..#......#..#......# #
#..#......#..#......#


You could see a crystal guardian (strong) and 2 war gargoyles.

Vanquished Creatures
  Nikola (Shoals:3)
  A hellephant (Elf:1)
  Jorgrun (D:15)
  A deep elf blademaster (Elf:2)
  6 krakens
  Polyphemus (Shoals:2)
  Kirke (D:14)
  Donald (Shoals:1)
  3 nagarajas
  A frost giant (Shoals:4)
  A vault warden (Vaults:1)
  Aizul (Snake:1)
  4 deep elf sorcerers
  Louise (D:15)
  2 ironbound preservers (Vaults:1)
  12 very ugly things
  4 deep elf annihilators
  3 deep elf demonologists
  Azrael (D:14)
  An entropy weaver (shapeshifter) (Elf:1)
  An entropy weaver (Vaults:1)
  A minotaur (Gauntlet)
  8 dire elephants
  2 deep elf death magi
  4 merfolk javelineers
  An ettin (shapeshifter) (Elf:1)
  2 salamander tyrants (Snake:4)
  15 merfolk impalers
  4 deep elf high priests (Elf:3)
  An ettin (Vaults:1)
  The ghost of porpoise the Covert, a journeyman OpVM of Okawaru (Lair:2)
  2 ice dragons
  4 ironbound thunderhulks
  A peacekeeper (Vaults:1)
  6 naga warriors
  5 centaur warriors (D:13)
  3 boulder beetles
  A hydra (shapeshifter) (Elf:1)
  An ironbound frostheart (Vaults:1)
  8 hydras
  A merfolk avatar (Shoals:4)
  An alligator (shapeshifter) (Elf:1)
  17 anacondas
  2 alligator snapping turtles
  Erica (D:10)
  4 merfolk aquamancers
  A catoblepas (shapeshifter) (Elf:1)
  2 catoblepae
  25 dancing weapons
  5 two-headed ogres
  12 death yaks
  The ghost of Hougom the Blocker, a journeyman GrFi of Okawaru (Lair:1)
  8 orc high priests (Orc:2)
  8 naga sharpshooters
  A satyr (Shoals:3)
  Urug (Lair:3)
  6 shock serpents
  4 tengu warriors (D:14)
  Nergalle (D:10)
  21 deep elf knights
  An ironbound beastmaster (Vaults:1)
  6 salamander mystics
  10 deep trolls (Vaults:1)
  8 skeletal warriors
  11 sea snakes
  A glowing orange brain (shapeshifter) (Elf:1)
  2 large abominations (Gauntlet)
  A deep troll (shapeshifter) (Elf:2)
  4 ironbound convokers
  16 deep elf archers
  8 naga ritualists
  3 wizards (D:15)
  A sea snake (shapeshifter) (D:13)
  32 deep elf zephyrmancers
  A lindwurm (Lair:2)
  2 orc knights (Orc:1)
  5 harpies
  2 necromancers
  12 mana vipers
  35 deep elf pyromancers
  A stone giant zombie (Vaults:1)
  15 salamanders
  7 cyclopes
  18 manticores
  A shining eye (shapeshifter) (Elf:1)
  2 oklob plants (Lair:4)
  A moth of wrath (Lair:2)
  13 ugly things
  A faun (shapeshifter) (Elf:2)
  14 guardian serpents
  27 fauns
  28 elephants
  A vault sentinel (Vaults:1)
  35 black mambas
  10 merfolk sirens
  5 ice statues (IceCv)
  8 water nymphs
  A guardian serpent (shapeshifter) (Elf:1)
  4 gargoyles
  22 naga magi
  15 cane toads
  An elf skeleton (Vaults:1)
  An unseen horror (D:10)
  A rime drake (shapeshifter) (Elf:1)
  2 rime drakes (Lair:2)
  3 torpor snails (Lair:4)
  A yaktaur (shapeshifter) (D:14)
  8 yaktaurs (Vaults:1)
  A tengu conjurer (D:14)
  2 human zombies (Vaults:1)
  A redback zombie (D:15)
  2 anaconda simulacra (IceCv)
  An efreet (D:15)
  8 komodo dragons
  A golden dragon simulacrum (IceCv)
  19 merfolk
  6 polar bears
  12 wind drakes
  8 trolls
  20 slime creatures
  A raiju (Gauntlet)
  23 blink frogs
  A meliai zombie (D:11)
  9 dream sheep (Shoals:3)
  A harpy skeleton (D:15)
  An ettin zombie (Vaults:1)
  14 snapping turtles
  2 wraiths
  2 air elementals
  A spriggan (Lair:5)
  A centaur simulacrum (D:14)
  A dire elephant simulacrum (IceCv)
  A redback (Vaults:1)
  6 shadows
  5 fire elementals
  7 wyverns
  Eustachio (D:6)
  17 water elementals
  40 yaks
  A human (shapeshifter) (Elf:2)
  8 basilisks
  7 vampire mosquitoes
  2 iron troll simulacra (IceCv)
  A harpy simulacrum (IceCv)
  9 wargs (Orc:2)
  37 nagas
  3 acid dragons
  3 hell hounds
  12 water moccasins
  Duvessa (D:4)
  A hydra simulacrum (IceCv)
  A hornet zombie (D:7)
  9 ice beasts
  20 orc warriors
  3 black bears
  5 ogres
  An ettin simulacrum (IceCv)
  3 wolves (Lair:6)
  12 centaurs
  A phantom (D:7)
  A kobold brigand (D:7)
  4 small abominations (Gauntlet)
  3 earth elementals
  13 bullfrogs
  A wyvern zombie (D:9)
  3 scorpions
  Dowan (D:4)
  3 gnoll sergeants
  A wyvern skeleton (D:4)
  A hornet simulacrum (D:15)
  A water moccasin skeleton (D:6)
  A killer bee (D:8)
  3 wights (D:9)
  4 electric eels
  3 howler monkeys
  A lava snake (D:14)
  A bullfrog zombie (D:6)
  5 centaur zombies
  3 centaur skeletons
  A jelly (D:6)
  34 orc priests
  A hound (D:5)
  Ijyb (D:3)
  2 iguanas
  20 orc wizards
  A lightning spire (Gauntlet)
  2 killer bee zombies
  A hound zombie (D:2)
  8 gnolls
  6 adders
  A shadow imp (D:8)
  3 white imps
  An ufetubus (D:5)
  3 dart slugs (D:1)
  102 orcs
  6 endoplasms
  A giant cockroach (D:2)
  8 goblins
  8 hobgoblins
  4 jackals (D:3)
  4 quokkas
  5 ball pythons
  4 bats
  2 frilled lizards
  8 kobolds
  5 rats
  10 tentacles
1307 creatures vanquished.

Vanquished Creatures (collateral kills)
  Bai Suzhen (Snake:2)
  A skeletal warrior (D:13)
  A deep elf zephyrmancer (Elf:2)
  A slime creature (D:13)
  A salamander (Snake:3)
5 creatures vanquished.

Vanquished Creatures (others)
  A harpy (Shoals:1)
  A salamander (Snake:3)
  A human (D:14)
  100 fungi
  222 plants
  17 tentacles
  9 toadstools (Lair:2)
351 creatures vanquished.

Grand Total: 1663 creatures vanquished

Notes
Turn   | Place    | Note
-------+----------+-------------------------------------------
     0 | D:1      | porpoise the Djinni Venom Mage began the quest for the Orb.
     0 | D:1      | Reached XP level 1. HP: 15/15 MP: 0/0
   317 | D:1      | Reached skill level 1 in Fighting
   317 | D:1      | Reached XP level 2. HP: 20/22 MP: 0/0
   889 | D:1      | Found Qyimom's Assorted Antiques.
  1333 | D:1      | Reached XP level 3. HP: 18/27 MP: 0/0
  1333 | D:1      | Learned a level 1 spell: Sandblast
  2321 | D:2      | Reached XP level 4. HP: 33/33 MP: 0/0
  3015 | D:3      | Noticed Ijyb
  3027 | D:3      | Killed Ijyb
  3028 | D:3      | Reached XP level 5. HP: 6/40 MP: 0/0
  3028 | D:3      | Learned a level 2 spell: Wereblood
  3363 | D:3      | Found Haohumno's Antique Weapon Boutique.
  3938 | D:1      | Bought a lumpy coppery potion for 18 gold pieces
  3938 | D:1      | Bought a cyan potion for 18 gold pieces
  3938 | D:1      | Bought a golden potion for 18 gold pieces
  3938 | D:1      | Bought a scroll labelled GIROORGH NIVEBY for 21 gold pieces
  3938 | D:1      | Bought a scroll labelled IMATED DIQAI for 21 gold pieces
  4027 | D:4      | Reached XP level 6. HP: 34/47 MP: 0/0
  4081 | D:4      | Noticed Duvessa
  4092 | D:4      | Killed Duvessa
  4097 | D:4      | Noticed Dowan
  4101 | D:4      | Killed Dowan
  4193 | D:4      | Reached XP level 7. HP: 11/53 MP: 0/0
  4193 | D:4      | Learned a level 3 spell: Inner Flame
  4310 | D:4      | Reached skill level 5 in Spellcasting
  4605 | D:4      | Reached skill level 5 in Fighting
  5131 | D:5      | Entered Level 5 of the Dungeon
  5350 | D:5      | Found Alicuol's Distillery.
  5558 | D:5      | Reached XP level 8. HP: 54/61 MP: 0/0
  5666 | D:5      | Bought a potion of curing for 33 gold pieces
  5823 | D:1      | Bought a runed gilded ring for 105 gold pieces
  6762 | D:6      | Found Paficlig's Antique Armour Shoppe.
  7227 | D:6      | Found a staircase to the Ecumenical Temple.
  7255 | Temple   | Entered the Ecumenical Temple
  7306 | Temple   | Became a worshipper of Makhleb the Destroyer
  7360 | D:6      | Found a hazy altar of Hepliaklqana.
  7451 | D:6      | Found a hide-covered altar of Uskayaw.
  7509 | D:6      | Noticed Eustachio
  7518 | D:6      | Killed Eustachio
  7519 | D:6      | Reached XP level 9. HP: 43/68 MP: 0/0
  7519 | D:6      | Learned a level 4 spell: Passage of Golubria
  8045 | D:7      | Reached skill level 5 in Dodging
  8124 | D:7      | Reached skill level 1 in Evocations
  8131 | D:7      | Reached skill level 5 in Stealth
  8359 | D:7      | Identified the ring "Alloos Menu" {rC+ Will+}
  8584 | D:7      | Found a stormy altar of Qazlal.
  8623 | D:7      | Reached skill level 1 in Invocations
  8809 | D:7      | Noticed a cyclops
  8812 | D:7      | Killed a cyclops
  8873 | D:7      | Reached XP level 10. HP: 65/75 MP: 0/0
  9092 | D:8      | Noticed a two-headed ogre
  9095 | D:8      | HP: 3/75 [two-headed ogre/+0 giant club (17)]
  9097 | D:8      | Killed a two-headed ogre
  9354 | D:8      | Reached skill level 5 in Evocations
  9488 | D:8      | Noticed a two-headed ogre
  9496 | D:8      | Killed a two-headed ogre
  9803 | D:8      | Found a blossoming altar of Fedhas.
  9830 | D:8      | Found a shadowy altar of Dithmenos.
 10595 | D:9      | Reached skill level 5 in Invocations
 11301 | D:9      | Found a staircase to the Lair.
 11329 | D:9      | Reached XP level 11. HP: 65/82 MP: 0/0
 11329 | D:9      | Learned a level 5 spell: Borgnjor's Vile Clutch
 11332 | D:9      | Reached * piety under Makhleb
 11845 | D:9      | Found an opulent altar of Gozag.
 11845 | D:9      | Found a sparkling altar of Nemelex Xobeh.
 12298 | D:10     | Entered Level 10 of the Dungeon
 12301 | D:10     | Identified a scroll of acquirement
 12301 | D:10     | Acquired a manual of Dodging
 12609 | D:10     | Noticed Erica
 12614 | D:10     | Killed Erica
 12690 | D:10     | Noticed Nergalle
 12707 | D:10     | Reached skill level 10 in Fighting
 12707 | D:10     | Killed Nergalle
 13036 | D:10     | Reached ** piety under Makhleb
 13374 | D:10     | Found a shimmering altar of Xom.
 13507 | D:11     | Noticed a purple ugly thing
 13510 | D:11     | Killed a purple ugly thing
 13804 | D:11     | You are sucked into a shaft and drop 2 floors!
 13806 | D:13     | Noticed a red ugly thing
 13813 | D:13     | Killed a red ugly thing
 13908 | D:13     | Noticed a cyan ugly thing
 13913 | D:13     | Killed a cyan ugly thing
 14124 | D:12     | Noticed a white ugly thing
 14129 | D:12     | Killed a white ugly thing
 14130 | D:12     | Reached XP level 12. HP: 78/95 MP: 0/0
 14359 | D:11     | Found a staircase to the Orcish Mines.
 15598 | D:12     | Reached skill level 5 in Shields
 16320 | D:12     | Noticed an eight-headed hydra
 16324 | D:12     | Killed an eight-headed hydra
 16709 | D:6      | Bought a runed leather armour for 105 gold pieces
 16769 | D:5      | Bought a potion of might for 44 gold pieces
 16769 | D:5      | Bought a potion of resistance for 110 gold pieces
 16871 | D:3      | Bought a runed hunting sling for 130 gold pieces
 16871 | D:3      | Bought a masterwork rapier for 261 gold pieces
 16871 | D:3      | Identified the +5 rapier of Wick {speed, rC+} (You bought
                  | it in a shop on level 3 of the Dungeon)
 17017 | Lair:1   | Entered Level 1 of the Lair of Beasts
 17232 | Lair:1   | Reached skill level 10 in Dodging
 17592 | Lair:1   | Found a runed translucent gate.
 17592 | Lair:1   | Found a runed translucent gate.
 17592 | Lair:1   | Found a runed translucent gate.
 17602 | Lair:1   | Noticed Hougom's ghost (journeyman GrFi)
 18351 | Lair:2   | Reached skill level 1 in Long Blades
 18504 | Lair:2   | Noticed a catoblepas
 18529 | Lair:2   | Found a runed translucent door.
 18600 | Lair:2   | Found a transporter.
 18611 | Lair:2   | Noticed porpoise's ghost (journeyman OpVM)
 18625 | Lair:2   | Found a transporter.
 18907 | Lair:2   | Found a staircase to the Shoals.
 18914 | Lair:2   | Found a staircase to the Snake Pit.
 19220 | Lair:2   | Noticed a boulder beetle
 19224 | Lair:2   | Killed a boulder beetle
 19225 | Lair:2   | Reached XP level 13. HP: 101/101 MP: 0/0
 19225 | Lair:2   | Learned a level 5 spell: Bolt of Magma
 19740 | Lair:2   | Identified the Guide on the Hurtful Mountains
 20111 | Lair:3   | Noticed Urug
 20115 | Lair:3   | Killed Urug
 20195 | Lair:3   | You are sucked into a shaft and drop 3 floors!
 20195 | Lair:6   | Entered Level 6 of the Lair of Beasts
 20205 | Lair:6   | Reached *** piety under Makhleb
 20606 | Lair:5   | Reached skill level 15 in Dodging
 21055 | Lair:3   | Reached skill level 1 in Armour
 21416 | Lair:3   | Reached XP level 14. HP: 107/107 MP: 0/0
 22761 | Lair:4   | Found a snail-covered altar of Cheibriados.
 23561 | Lair:5   | Reached **** piety under Makhleb
 23899 | Lair:5   | Reached skill level 5 in Armour
 24010 | Lair:5   | Identified the +1 dagger of Destruction {protect, Will-
                  | Str+6}
 24541 | Lair:5   | Noticed a dire elephant
 24550 | Lair:5   | Killed a dire elephant
 24712 | Lair:5   | Found a staircase to the Slime Pits.
 25018 | Lair:1   | Killed Hougom's ghost
 25189 | Lair:2   | Killed porpoise's ghost
 26421 | Lair:6   | Reached XP level 15. HP: 117/117 MP: 0/0
 26421 | Lair:6   | Learned a level 6 spell: Shadow Creatures
 27447 | Lair:6   | Identified the ring "Laegamor" {rF+ rC+}
 27721 | Lair:6   | Reached ***** piety under Makhleb
 27722 | Lair:6   | Reached skill level 10 in Spellcasting
 28265 | D:13     | Found a gate to the Vaults.
 30108 | D:14     | Found a gate leading to a gauntlet.
 30122 | D:14     | Noticed Kirke
 30134 | Gauntlet | Entered a Gauntlet
 30134 | Gauntlet | Found a transporter.
 30134 | Gauntlet | Found a transporter.
 30150 | Gauntlet | Found a transporter.
 30156 | Gauntlet | Found a transporter.
 30166 | Gauntlet | Found a transporter.
 30168 | Gauntlet | Found a transporter.
 30177 | Gauntlet | Found a transporter.
 30193 | Gauntlet | Found a runed translucent door.
 30195 | Gauntlet | Found a transporter.
 30197 | Gauntlet | Found a runed translucent door.
 30212 | Gauntlet | Found a transporter.
 30216 | Gauntlet | Found a transporter.
 30218 | Gauntlet | Found a runed translucent gate.
 30218 | Gauntlet | Found a runed translucent gate.
 30218 | Gauntlet | Found a runed translucent gate.
 30224 | Gauntlet | Found a transporter.
 30228 | Gauntlet | Found a transporter.
 30515 | Gauntlet | Acquired a manual of Stealth
 30704 | Gauntlet | Identified the +0 pair of gloves of the Garden {Slay+6}
 30768 | Gauntlet | Reached XP level 16. HP: 98/124 MP: 0/0
 30860 | Gauntlet | Identified the +5 flail "Jist" {vorpal, Str-4 Int+2 Dex+2}
 30867 | D:14     | Killed Kirke
 30868 | D:14     | Reached skill level 15 in Fighting
 31692 | D:14     | Identified Sif Muna's Incunabulum of the Arsonist
 32288 | D:15     | Entered Level 15 of the Dungeon
 32292 | D:15     | Noticed Azrael
 32307 | D:14     | Killed Azrael
 32714 | D:15     | Found a staircase to the Depths.
 32848 | D:15     | Noticed Louise
 32861 | D:15     | Killed Louise
 32878 | D:15     | Noticed Jorgrun
 32886 | D:15     | Killed Jorgrun
 33627 | Orc:1    | Entered Level 1 of the Orcish Mines
 34469 | Orc:1    | Reached ****** piety under Makhleb
 34640 | Orc:2    | Entered Level 2 of the Orcish Mines
 34750 | Orc:2    | Reached skill level 1 in Short Blades
 34850 | Orc:2    | Found a staircase to the Elven Halls.
 35266 | Orc:2    | Found Ditio's Weapon Boutique.
 35266 | Orc:2    | Found Miobicom's Book Shoppe.
 35471 | Orc:2    | Found Fuudak's Jewellery Boutique.
 35471 | Orc:2    | Found Zaoram's Magic Scroll Shoppe.
 35780 | Orc:2    | Bought the ring "Issosica" {rElec rC++ EV+4} for 877 gold
                  | pieces
 35782 | Orc:2    | Bought the amulet of the Four Winds {rN+ Will+++ Clar} for
                  | 570 gold pieces
 35782 | Orc:2    | Found the amulet of the Four Winds {rN+ Will+++ Clar}
 36153 | Elf:1    | Entered Level 1 of the Elven Halls
 36232 | Elf:1    | Reached skill level 10 in Invocations
 36277 | Elf:1    | Found a huge runed gate.
 36277 | Elf:1    | Found a huge runed gate.
 36277 | Elf:1    | Found a huge runed gate.
 36500 | Elf:1    | Reached XP level 17. HP: 118/133 MP: 0/0
 36500 | Elf:1    | Learned a level 7 spell: Ozocubu's Refrigeration
 36919 | Elf:1    | Found a shimmering altar of Xom.
 36948 | Elf:1    | Identified the +2 robe "Dapiryza" {Dex+8 Stlth-}
 36952 | Elf:1    | Identified the +2 robe "Wuer" {Int+3}
 37327 | Elf:1    | Found a huge runed gate.
 37327 | Elf:1    | Found a huge runed gate.
 37327 | Elf:1    | Found a huge runed gate.
 37327 | Elf:1    | Found a huge runed gate.
 37335 | Elf:1    | Found a huge runed gate.
 37336 | Elf:1    | Found a huge runed gate.
 37336 | Elf:1    | Found a huge runed gate.
 37337 | Elf:1    | Found a huge runed gate.
 37344 | Elf:1    | Found a huge runed gate.
 37344 | Elf:1    | Found a huge runed gate.
 37344 | Elf:1    | Found a huge runed gate.
 37363 | Elf:1    | Found a huge runed gate.
 37364 | Elf:1    | Found a huge runed gate.
 37519 | Elf:1    | Identified Mary Deq's Volume of Conjuration
 37546 | Elf:1    | Found a huge runed gate.
 37547 | Elf:1    | Found a huge runed gate.
 37549 | Elf:1    | Found a huge runed gate.
 37558 | Elf:1    | Noticed a hellephant
 37567 | Elf:1    | Reached skill level 10 in Stealth
 37834 | Elf:1    | Killed a hellephant
 37960 | Elf:1    | Upgraded the game from 0.27-a0-1036-g8e1b44f6bd to
                  | 0.27-a0-1046-g98bf31544f
 38224 | Elf:2    | Found Fuudojum's General Store.
 38247 | Elf:2    | Bought a potion of heal wounds for 50 gold pieces
 38247 | Elf:2    | Bought a scroll of identify for 20 gold pieces
 38284 | Elf:2    | Reached XP level 18. HP: 139/139 MP: 0/0
 38585 | Elf:2    | HP: 4/139 [+3 battleaxe of pain (23)]
 38587 | Elf:2    | Noticed a deep elf blademaster
 38874 | Elf:2    | Found a runed translucent gate.
 38874 | Elf:2    | Found a runed translucent gate.
 38874 | Elf:2    | Found a runed translucent gate.
 39041 | Elf:2    | Killed a deep elf blademaster
 40019 | Elf:3    | Entered Level 3 of the Elven Halls
 40453 | Elf:3    | Found Anleug's Book Shoppe.
 40760 | Elf:3    | Noticed a deep elf master archer
 41519 | Snake:1  | Entered Level 1 of the Snake Pit
 41654 | Snake:1  | Noticed Aizul
 41663 | Snake:1  | Killed Aizul
 41916 | Snake:1  | Reached XP level 19. HP: 145/145 MP: 0/0
 41916 | Snake:1  | Learned a level 7 spell: Dragon Form
 44589 | Snake:3  | Noticed Bai Suzhen
 44747 | Snake:2  | Killed Bai Suzhen
 44748 | Snake:2  | Reached skill level 10 in Shields
 44748 | Snake:2  | Reached skill level 10 in Evocations
 45797 | Snake:3  | Found a bloodstained altar of Trog.
 45797 | Snake:3  | Noticed Rennog's ghost (adept DDGl)
 45801 | Snake:3  | Found a transporter.
 45855 | Snake:3  | Found a transporter.
 46652 | Snake:4  | Entered Level 4 of the Snake Pit
 46825 | Snake:4  | Identified the +9 war axe of Calculation {venom, rF+ Dex+5}
 47078 | Snake:4  | Found Niteng's Distillery.
 47496 | Snake:4  | Bought a potion of heal wounds for 80 gold pieces
 47496 | Snake:4  | Bought a potion of heal wounds for 80 gold pieces
 47496 | Snake:4  | Bought a potion of heal wounds for 80 gold pieces
 47496 | Snake:4  | Bought a potion of heal wounds for 80 gold pieces
 48563 | Snake:4  | Reached XP level 20. HP: 152/152 MP: 0/0
 50164 | Snake:4  | Got a serpentine rune of Zot
 50689 | Shoals:1 | Entered Level 1 of the Shoals
 50923 | Shoals:1 | Found a runed translucent door.
 50966 | Shoals:1 | Noticed Donald
 51026 | Shoals:1 | Killed Donald
 51180 | Shoals:1 | Identified the +5 halberd of the Little People {pain, Str-3
                  | Int+2 Dex+3}
 51455 | Shoals:1 | Identified the +3 broad axe of Esteof {vorpal, Int+2}
 51784 | Shoals:1 | Identified the +9 hunting sling of Vaygot {freeze, +Blink
                  | Will+++ rCorr Str-4}
 52011 | Shoals:2 | Noticed Polyphemus
 52018 | Shoals:2 | Killed Polyphemus
 53418 | Shoals:3 | Found a frozen archway.
 53421 | Shoals:3 | Noticed Nikola
 53430 | Shoals:3 | Killed Nikola
 53445 | IceCv    | Entered an ice cave
 53886 | IceCv    | Identified the +6 arbalest "Fybouc" {penet, Drain Int-2
                  | Dex+10 Stlth+}
 53994 | Shoals:3 | Reached XP level 21. HP: 157/157 MP: 0/0
 53994 | Shoals:3 | Learned a level 8 spell: Discord
 54329 | Shoals:3 | Reached skill level 15 in Spellcasting
 54826 | Shoals:4 | Entered Level 4 of the Shoals
 55011 | Shoals:4 | Reached skill level 15 in Shields
 55100 | Shoals:4 | Identified the +4 battleaxe of Karma {freeze, rF+ Int+6}
 55555 | Shoals:4 | Got a barnacled rune of Zot
 55655 | Shoals:4 | Reached skill level 10 in Armour
 56131 | Shoals:4 | Identified the +7 dagger "Ynuh" {venom, rC+ rCorr Int-2
                  | SInv}
 56618 | Orc:2    | Bought a scroll of blinking for 90 gold pieces
 56815 | Vaults:1 | Entered Level 1 of the Vaults
 57127 | Vaults:1 | Found Egithro's Jewellery Boutique.
 57402 | Vaults:1 | You are sucked into a shaft and drop 1 floor!
 58348 | Vaults:1 | Killed from afar by a crystal guardian

Illustrated notes

Levels and vault maps discovered:
D:1:      dpeg_chamrin_arrival_tetris, layout_basic, serial_shops, shop
D:2:      layout_rooms
D:3:      layout_rooms, serial_shops, nicolae_shop_overgrown_old_shop,
          kennysheep_generic_room_4, uniq_ijyb
D:4:      layout_loops_ring, uniq_duvessa
D:5:      layout_cave_pods, kennysheep_windowed_goal
D:6:      layout_loops_ring, kennysheep_mini,
          gammafunk_temple_overflow_elements, minmay_temple_entry_offerings,
          serial_shops, shop, kennysheep_pointless_box, uniq_eustachio
D:7:      layout_basic, lemuel_coloured_pillars_altar
D:8:      minmay_inner_zag, layout_basic, grunt_temple_overflow_open
D:9:      layout_cave_pools, grunt_temple_overflow_opulence,
          minmay_lair_entry_grove
D:10:     layout_rooms, xom_teletrap_fun, kennysheep_flooded_box, uniq_nergalle,
          uniq_erica
D:11:     layout_basic, orc_david_3
D:12:     layout_basic, minmay_misc_feat_pillars
D:13:     minmay_s_stair_smasher, layout_irregular_city, david_vaults_4,
          enter_bailey_6
D:14:     layout_basic, gauntlet_entry_generic, nrook_uturn, led_sif_book,
          uniq_kirke
D:15:     grunt_enter_depths_magical_seal, layout_long_grid, uniq_louise,
          uniq_jorgrun, uniq_azrael
Temple:   dshaligram_water_room_temple
Lair:1:   layout_chaotic_city, ebering_ghost_rock_garden,
          chequers_serial_rivers_micro_a, minmay_hedge_maze
Lair:2:   gammafunk_lair_enchanted_lake, layout_gridlike,
          minmay_shoals_entry_lonely_mermaid, guppyfry_snake_entry_island,
          gammafunk_ghost_berserking_beasts
Lair:3:   layout_chaotic_city, uniq_urug
Lair:4:   layout_hall_layers, serial_forest, infiniplex_forest_clump_cross,
          infiniplex_forest_lined_ring, infiniplex_forest_lined_2,
          infiniplex_forest_clump_large, infiniplex_forest_clump_tiny,
          infiniplex_forest_clump_tiny, infiniplex_forest_corner_2,
          infiniplex_forest_end_2, infiniplex_forest_side_room,
          kennysheep_snail_temple, minmay_lair_oklob_chamber
Lair:5:   mu_elephants_graveyard, layout_regular_city, dpeg_slime_entry_corner,
          grunt_megastairs_4
Lair:6:   due_jungle_book, layout_loops_ring, nicolae_volcano_entry_hallway,
          st_stairs_11, nicolae_quartered_pool_little, grunt_megastairs_1
Shoals:1: layout_shoals, lightli_airlock, uniq_donald
Shoals:2: layout_shoals, nicolae_shoals_dead_sea_scrolls, uniq_polyphemus
Shoals:3: layout_shoals, portal_ice_cave_entry_dragon,
          nicolae_shoals_kraken_party, uniq_nikola
Shoals:4: shoals_end_grunt_ice, layout_shoals
Snake:1:  layout_layer_cave, uniq_aizul
Snake:2:  layout_cave_town, serial_bayou_pond_c, nicolae_large_snake_swirl
Snake:3:  layout_chambers, gammafunk_ghost_wrathful_warriors, uniq_bai_suzhen
Snake:4:  grunt_snake_rune_serpentine_throne, layout_misc_corridors,
          serial_shops, nicolae_shop_waterfront
Orc:1:    nicolae_orc_accident_1, layout_diamond_mine, basic_altar,
          minmay_orc_barracks
Orc:2:    st_orc_town, layout_caves
Elf:1:    layout_gridlike, minmay_elf_annihilation, grunt_ministairs_6,
          hangedman_feature_mirror, not_door_vault_due
Elf:2:    layout_geoelf_octagon, serial_shops, shop
Elf:3:    minmay_elf_hall_hex, layout_loops_corners, serial_shops,
          nicolae_shop_behind_doors, basic_altar
Vaults:1: ontoclasm_vaults_hangar, nicolae_vaults_an_arrangement,
          nicolae_vaults_little_squares_2, hangedman_vaults_maws,
          hangedman_vaults_snaps, nicolae_vaults_back_hallway, v_misc_15,
          nicolae_vaults_diagonal_hallway_9, nicolae_vaults_little_squares_6,
          nicolae_vaults_rhombus_5, ontoclasm_vaults_fault,
          layout_vaults_omnicross, serial_shops, shop
Vaults:2: ontoclasm_vaults_twist, vaults_room_corners, nicolae_vaults_gold_heap,
          nicolae_vaults_border_crossing, nicolae_vaults_network_star,
          nicolae_vaults_network_square, ontoclasm_vaults_hangar,
          ontoclasm_vaults_pinch, layout_vaults_quadrants, uniq_jory

Skill      XL: |  1  2  3  4  5  6  7  8  9 10 11 12 13 14 15 16 17 18 19 20 21 |
---------------+----------------------------------------------------------------+-----
Fighting       | 1 2 3 4 6 7 8 11 12 14 16 | 16.2
Spellcasting   | 3 4 5 7 9 11 12 14 16 | 16.0
Dodging        | 4 5 11 15 16 | 16.0
Stealth        | 2 5 8 11 12 | 12.0
Evocations     | 3 5 7 9 11 12 | 12.0
Invocations    | 1 5 7 9 10 12 | 12.0
Shields        | 3 4 7 8 11 14 15 | 15.0
Long Blades    | 3 4 |  4.0
Armour         | 2 5 7 8 9 11 | 11.6
Short Blades   | 2 3 |  3.0

Action                   |  1- 3 |  4- 6 |  7- 9 | 10-12 | 13-15 | 16-18 | 19-21 || total
-------------------------+-------+-------+-------+-------+-------+-------+-------++-------
Melee: Unarmed           |     1 |       |       |       |       |       |     4 ||     5
       Dagger            |    45 |    10 |       |       |       |       |       ||    55
       Short sword       |       |     3 |       |       |       |       |       ||     3
       Rapier            |       |       |     2 |    24 |       |    12 |    58 ||    96
       Spear             |       |       |       |     4 |       |       |       ||     4
       Hunting sling     |       |       |       |     1 |       |       |       ||     1
       Scimitar          |       |       |       |     5 |     4 |       |       ||     9
       Staff             |       |       |       |       |    15 |     4 |    13 ||    32
       Tailslap          |       |       |       |       |       |       |     1 ||     1
       Bite              |       |       |       |       |       |       |     1 ||     1
 Fire: Hunting sling     |     4 |    41 |    42 |    79 |    45 |    44 |   273 ||   528
       Hand crossbow     |       |       |       |       |     3 |       |       ||     3
 Cast: Sting             |    34 |    13 |     1 |     1 |     1 |     2 |       ||    52
       Sandblast         |     4 |    16 |    41 |   117 |    77 |    55 |    79 ||   389
       Poisonous Vapours |     2 |    15 |    13 |    26 |     6 |     4 |       ||    66
       Ignite Poison     |       |     9 |    26 |   112 |   195 |   288 |   258 ||   888
       Olgreb's Toxic Ra |       |       |    14 |    48 |    92 |   172 |   144 ||   470
       Mephitic Cloud    |       |       |     2 |     6 |    10 |     3 |     8 ||    29
       Passage of Golubr |       |       |     5 |       |       |     3 |     3 ||    11
       Inner Flame       |       |       |     1 |       |       |     1 |       ||     2
       Borgnjor's Vile C |       |       |       |    12 |    21 |    46 |   254 ||   333
       Bolt of Magma     |       |       |       |       |   111 |   141 |   126 ||   378
       Shadow Creatures  |       |       |       |       |     3 |     1 |     2 ||     6
       Ozocubu's Refrige |       |       |       |       |       |       |     6 ||     6
       Dragon Form       |       |       |       |       |       |       |     1 ||     1
 Abil: Evoke Blink       |       |       |       |       |       |       |     2 ||     2
Evoke: Wand              |       |       |       |       |     1 |     1 |     1 ||     3
       Phantom mirror    |       |       |       |       |       |       |     1 ||     1
  Use: Scroll            |       |     4 |     6 |    10 |     3 |    15 |     9 ||    47
       Potion            |       |       |       |     1 |       |     2 |     1 ||     4
 Stab: Sleeping          |     2 |       |       |       |       |       |     1 ||     3
Armor: Robe              |     6 |     1 |     5 |    35 |    16 |     8 |       ||    71
       Leather armour    |       |       |       |     1 |       |       |       ||     1
       Troll leather arm |       |       |       |       |       |    23 |    46 ||    69
Dodge: Dodged            |    27 |     9 |     9 |    60 |    81 |   142 |   285 ||   613
Block: Buckler           |       |       |       |    39 |    27 |    68 |    82 ||   216
       Kite shield       |       |       |       |       |       |       |   110 ||   110
       Reflection        |       |       |       |       |       |       |    19 ||    19
       Rpst.: Scimitar   |       |       |       |     1 |       |       |       ||     1

Table legend: (Time is in decaauts)
 A = Elapsed time spent in this place.
 B = Non-inter-level travel time spent in this place.
 C = Inter-level travel time spent in this place.
 D = Time resting spent in this place.
 E = Time spent auto-exploring this place.
 F = Levels seen in this place.
 G = Mean time per level.
                   A        B        C        D        E       F      G
               +--------+--------+--------+--------+--------+-----+--------+
         Total |  58433 |  53490 |   4943 |  22598 |  20155 |  39 | 1498.3 |
       Dungeon |  22390 |  19883 |   2507 |   9326 |   8299 |  15 | 1492.7 |
        Temple |     60 |     51 |      9 |      0 |     43 |   1 |   60.0 |
          Lair |  12336 |  11026 |   1310 |   4653 |   4229 |   6 | 2056.0 |
        Shoals |   4786 |   4492 |    294 |   1077 |   1880 |   4 | 1196.5 |
     Snake Pit |   8765 |   8609 |    156 |   3770 |   2830 |   4 | 2191.2 |
  Orcish Mines |   2550 |   2133 |    417 |    607 |   1083 |   2 | 1275.0 |
   Elven Halls |   4806 |   4593 |    213 |   2022 |   1366 |   3 | 1602.0 |
        Vaults |   1528 |   1494 |     34 |    523 |    260 |   2 |  764.0 |
      Ice Cave |    477 |    477 |      0 |    259 |      0 |   1 |  477.0 |
      Gauntlet |    730 |    730 |      0 |    360 |    165 |   1 |  730.0 |
               +--------+--------+--------+--------+--------+-----+--------+

Top non-repeatable levels by time:
 Snake:4: 3591 daAuts
  Lair:1: 2577 daAuts
  Lair:6: 2377 daAuts
  Lair:4: 2304 daAuts
    D:13: 2182 daAuts
  Lair:2: 2159 daAuts
     D:8: 2153 daAuts
    D:11: 1976 daAuts
   Elf:1: 1946 daAuts
   Elf:2: 1914 daAuts
 Snake:2: 1865 daAuts
 Snake:3: 1794 daAuts
     D:1: 1787 daAuts
  Lair:5: 1775 daAuts
    D:14: 1549 daAuts
